 Dungeon Crawl Stone Soup version 0.31-a0-1338-gb567cfdca4 (webtiles) character file.

Game seed: 4562439163184198904

9000 jlumianski the Grappler (level 11, -13/84 HPs)
             Began as a Gnoll Shapeshifter on Dec 22, 2023.
             Was a Priest of Wu Jian.
             Shot with a bolt by a tengu warrior (18 damage)
             ... on level 11 of the Dungeon.
             The game lasted 00:50:26 (11650 turns).

jlumianski the Grappler (Gnoll Shapeshifter)       Turns: 11650, Time: 00:50:27

Health: -13/84     AC:  6    Str: 24    XL:     11   Next: 39%
Magic:  11/20      EV: 14    Int: 10    God:    Wu Jian [***...]
Gold:   262        SH:  0    Dex: 11    Spells: 14/23 levels left

rFire   . . .        u - +4 quarterstaff (spect)
rCold   . . .        (shield currently unavailable)
rNeg    . . .        J - +0 steam dragon scales
rPois   .            (helmet currently unavailable)
rElec   .            (cloak currently unavailable)
rCorr   .            (gloves currently unavailable)
SInv    +            (boots currently unavailable)
Will    .....        H - amulet of the acrobat
Stlth   +++          S - +6 ring of strength
HPRegen 0.34/turn    G - ring of see invisible
MPRegen 0.17/turn

%: acrobat
@: beast-form, unable to call your familiar
A: beast (slay +4), fangs 1, strong nose, distributed training
a: Begin Untransformation, Renounce Religion, Wall Jump, Serpent's Lash


You were on level 11 of the Dungeon.
You worshipped Wu Jian.
Wu Jian was most pleased with you.
You were a hulking beast.
You visited 2 branches of the dungeon, and saw 12 of its levels.
You also visited: Ossuary.

You collected 531 gold pieces.
You spent 269 gold pieces at shops.

Inventory:

Hand Weapons
 g - the +7 hammer "Alourgh" {heavy, rElec rF+ Will+ Str-3}
   (You found it on level 2 of the Dungeon)

   Str-3:     It affects your strength (-3).
   rF+:       It protects you from fire.
   rElec:     It insulates you from electricity.
   Will+:     It increases your willpower.
 u - a +4 spectral quarterstaff (weapon)
Missiles
 v - 5 silver javelins
 A - 3 datura-tipped darts (quivered)
 M - 37 poisoned darts
 O - a curare-tipped dart
Armour
 J - +0 steam dragon scales (worn)
 Q - a +0 pair of gloves
Jewellery
 r - a ring of fire
 B - a ring of resist corrosion
 G - a ring of see invisible (right hand)
 H - an amulet of the acrobat (around neck)
 S - a +6 ring of strength (left hand)
Talismans
 c - a beast talisman
Wands
 o - a wand of mindburst (12)
 I - a wand of polymorph (9)
 L - a wand of flame (20)
 R - a wand of acid (1)
Scrolls
 e - a scroll of immolation
 i - a scroll of poison
 k - 6 scrolls of teleportation
 K - 2 scrolls of revelation
 V - a scroll of blinking
Potions
 b - a potion of lignification
 f - 4 potions of curing
 j - 2 potions of resistance
 l - 4 potions of cancellation
 p - a potion of berserk rage
 w - 4 potions of attraction
 z - a potion of invisibility
 F - a potion of might
 P - a potion of brilliance
 T - 3 potions of heal wounds


   Skills:
 + Level 7.0 Fighting
 + Level 6.5 Short Blades
 + Level 6.5 Long Blades
 + Level 6.5 Axes
 + Level 6.5 Maces & Flails
 + Level 6.5 Polearms
 + Level 6.5 Staves
 + Level 6.5 Ranged Weapons
 + Level 6.5 Throwing
 + Level 6.5 Armour
 + Level 8.0 Dodging
 + Level 6.5 Stealth
 + Level 6.5 Shields
 + Level 9.3 Unarmed Combat
 + Level 6.5 Spellcasting
 + Level 5.3 Conjurations
 + Level 5.3 Hexes
 + Level 5.3 Summonings
 + Level 5.3 Necromancy
 + Level 5.3 Translocations
 + Level 5.3 Fire Magic
 + Level 5.3 Ice Magic
 + Level 5.3 Air Magic
 + Level 5.3 Earth Magic
 + Level 5.3 Alchemy
 + Level 7.1 Invocations
 + Level 6.5 Evocations
 + Level 8.9 Shapeshifting


You had 14 spell levels left.
You knew the following spells:

 Your Spells              Type           Power      Damage    Failure   Level
a - Call Canine Familiar  Summ           14%        N/A       6%          3
b - Summon Guardian Gole  Hex/Summ       14%        N/A       6%          3
c - Inner Flame           Hex/Fire       14%        N/A       6%          3

Your spell library contained the following spells:

 Spells                   Type           Power      Damage    Failure   Level
 Freeze                   Ice            56%        1d7       2%          1
 Magic Dart               Conj           56%        1d5       2%          1
 Summon Small Mammal      Summ           56%        N/A       2%          1
 Searing Ray              Conj           28%        2d5       3%          2
 Frozen Ramparts          Ice            28%        1d5       6%          3
 Hailstorm                Conj/Ice       14%        3d6       6%          3
 Flame Wave               Conj/Fire      14%        2d6       22%         4
 Fulminant Prism          Conj/Alch      7%         3d6       22%         4
 Sticky Flame             Fire/Alch      14%        2d5       22%         4
 Vhi's Electric Charge    Tloc/Air       28%        N/A       22%         4
 Alistair's Intoxication  Alch           9%         N/A       52%         5
 Arcjolt                  Conj/Air       7%         1d17      52%         5
 Borgnjor's Vile Clutch   Necr/Erth      7%         N/A       52%         5
 Eringya's Noxious Bog    Alch           7%         4d6       97%         6
 Plasma Beam              Fire/Air       7%         2x1d17    97%         6


Dungeon Overview and Level Annotations

Branches:
Dungeon (11/15)            Temple (1/1) D:6            Lair (0/5) D:11
    Orc (0/2) D:9         Ossuary (visited)

Altars:
Ashenzari
Cheibriados
Dithmenos
Elyvilon
Fedhas
Gozag
Hepliaklqana
Kikubaaqudgha
Makhleb
Nemelex Xobeh
Okawaru
Qazlal
Ru
Sif Muna
Trog
Uskayaw
Vehumet
Wu Jian
Xom
Yredelemnul
Zin
The Shining One

Shops:
D:6 ***


Innate Abilities, Weirdness & Mutations

You are a hulking beast.
Your limbs bulge with bestial killing power. (Slay +4)
You have very sharp teeth.
Your uncanny sense of smell can sniff out nearby items.
Your experience applies equally to all skills.


Message History

There is a stone staircase leading up here.
There is a stone staircase leading up here.
There is a stone staircase leading down, spattered with blood here.
You climb downwards.
The tengu warrior shouts!
The tengu warrior unwields a +0 glaive.
The tengu warrior wields a +0 arbalest.
The tengu warrior shoots a bolt.
The bolt hits you!!
There is a stone staircase leading up, spattered with blood here.
Casting: Summon Guardian Golem (dangerous; 6% risk of failure)
Confirm with . or Enter, or press ? or * to list all spells.
You call for your canine familiar and it appears with a howl!
The tengu warrior shoots a bolt.
The bolt hits you!
Casting: Call Canine Familiar (dangerous; 6% risk of failure)
Confirm with . or Enter, or press ? or * to list all spells.
A guardian golem appears, shielding your allies.
Your inugami hits the tengu warrior but does no damage.
Casting: Summon Guardian Golem (dangerous; 6% risk of failure)
Confirm with . or Enter, or press ? or * to list all spells.
Aiming: Inner Flame (dangerous; 6% risk of failure)
Press: ? - help, Dir - move target, f - inugami
Aim: an inugami (summoned, sheltered from injuries, friendly, chance to affect: 50%)
Your inugami resists with some effort.
The tengu warrior shoots a bolt.
The bolt hits your guardian golem!!
Your guardian golem overheats!
Your inugami hits the tengu warrior but does no damage.
The tengu warrior shoots a bolt.
The bolt hits your guardian golem!!
Your guardian golem disappears in a puff of smoke!
Your guardian golem explodes!
The fiery explosion engulfs your inugami!!!
Your inugami dies!
Your inugami disappears in a puff of smoke!
The fiery explosion engulfs the tengu warrior!
The fiery explosion engulfs you!!
* * * LOW HITPOINT WARNING * * *
You hear a shout!
You are engulfed in blazing flames.
* * * LOW HITPOINT WARNING * * *
The tengu warrior is engulfed in blazing flames.
The tengu warrior shoots a bolt.
The bolt hits you!!
You die...

#...>#.#.D.......#
#
#......#.#######.#
..#######......#.#∆
∆
...............#.#
.................#∆
∆
...............#.#
..........>§Q§.#.#∆
∆
......>|D..§.§.#.#
##########.#h#.#..
#...#.### ###.#.#
#.#.# #.#.# #.#.#∆
#.#.. #.#


You could see a four-headed hydra and a tengu warrior.

Vanquished Creatures
  A catoblepas (D:10)
  An unseen horror (D:11)
  2 kobold demonologists (D:10)
  A wraith (D:10)
  9 yaks
  A vampire (D:9)
  2 wyverns (D:8)
  4 steam dragons
  An acid dragon (D:8)
  2 water moccasins
  3 orc warriors
  A sky beast (D:7)
  A black bear (D:6)
  2 ogres
  2 phantoms
  5 centaurs
  4 kobold brigands
  2 bullfrogs
  2 scorpions
  17 wights
  18 killer bees
  A human zombie (Ossuary)
  5 hounds
  A centaur zombie (Ossuary)
  A gnoll bouda (D:3)
  5 orc priests
  3 sleepcaps
  Crazy Yiuf (D:2)
  4 iguanas
  7 orc wizards
  2 mummies (Ossuary)
  8 gnolls
  6 adders
  A shadow imp (D:5)
  A white imp (D:6)
  3 adder zombies (Ossuary)
  4 worms (D:2)
  A dart slug (D:4)
  38 orcs
  8 ball pythons
  8 bats
  11 endoplasms
  A giant cockroach (D:4)
  11 goblins
  6 hobgoblins
  5 jackals
  24 kobolds
  2 quokkas
  A frilled lizard (D:1)
  A goblin zombie (Ossuary)
  6 hobgoblin zombies (Ossuary)
  2 jackal zombies (Ossuary)
  13 kobold zombies (Ossuary)
  8 orc zombies (Ossuary)
  4 rats
  2 rat zombies (Ossuary)
286 creatures vanquished.

Vanquished Creatures (collateral kills)
  A yak (D:10)
  2 killer bees (D:9)
  4 orcs
  4 kobolds (D:9)
11 creatures vanquished.

Vanquished Creatures (others)
  A water moccasin (D:7)
  A kobold brigand (D:9)
  A wight (D:9)
  A killer bee (D:9)
  An orc wizard (D:8)
  2 orcs (D:8)
  2 spectral weapons
9 creatures vanquished.

Grand Total: 306 creatures vanquished

Notes
Turn   | Place    | Note
-------+----------+-------------------------------------------
     0 | D:1      | jlumianski the Gnoll Shapeshifter began the quest for the
                  | Orb.
     0 | D:1      | Reached XP level 1. HP: 17/17 MP: 1/1
    71 | D:1      | Reached XP level 2. HP: 14/23 MP: 2/2
   171 | D:1      | You fall into a shaft and drop 1 floor!
   391 | D:2      | Identified the +7 hammer "Alourgh" {heavy, rElec rF+ Will+
                  | Str-3}
   395 | D:2      | Found a runed translucent door.
   396 | D:2      | Noticed Crazy Yiuf
   451 | D:1      | Reached XP level 3. HP: 28/28 MP: 3/3
   547 | D:1      | Reached skill level 1 in Invocations
   881 | D:2      | Reached skill level 1 in Short Blades
   881 | D:2      | Reached skill level 1 in Long Blades
   881 | D:2      | Reached skill level 1 in Axes
   881 | D:2      | Reached skill level 1 in Maces & Flails
   881 | D:2      | Reached skill level 1 in Polearms
   881 | D:2      | Reached skill level 1 in Staves
   881 | D:2      | Reached skill level 1 in Ranged Weapons
   881 | D:2      | Reached skill level 1 in Throwing
   881 | D:2      | Reached skill level 1 in Armour
   881 | D:2      | Reached skill level 1 in Stealth
   881 | D:2      | Reached skill level 1 in Shields
   881 | D:2      | Reached skill level 1 in Spellcasting
   881 | D:2      | Reached skill level 1 in Evocations
  1082 | D:2      | Reached XP level 4. HP: 31/34 MP: 5/5
  1214 | D:2      | Reached skill level 1 in Conjurations
  1214 | D:2      | Reached skill level 1 in Hexes
  1214 | D:2      | Reached skill level 1 in Summonings
  1214 | D:2      | Reached skill level 1 in Necromancy
  1214 | D:2      | Reached skill level 1 in Translocations
  1214 | D:2      | Reached skill level 1 in Fire Magic
  1214 | D:2      | Reached skill level 1 in Ice Magic
  1214 | D:2      | Reached skill level 1 in Air Magic
  1214 | D:2      | Reached skill level 1 in Earth Magic
  1214 | D:2      | Reached skill level 1 in Alchemy
  1753 | D:1      | Found a faded altar of an unknown god.
  2184 | D:2      | Killed Crazy Yiuf
  2185 | D:2      | Reached XP level 5. HP: 9/40 MP: 5/7
  2777 | D:5      | Entered Level 5 of the Dungeon
  2806 | D:4      | Noticed a phantom
  2813 | D:4      | Killed a phantom
  2814 | D:4      | Reached skill level 5 in Dodging
  2814 | D:4      | Reached XP level 6. HP: 45/47 MP: 7/9
  2846 | D:4      | Found a shadowy altar of Dithmenos.
  3170 | D:4      | Reached XP level 7. HP: 25/51 MP: 10/10
  3267 | D:4      | Reached skill level 7 in Unarmed Combat
  4047 | D:6      | Found a sand-covered staircase.
  4088 | Ossuary  | Entered an ossuary
  4282 | Ossuary  | Reached XP level 8. HP: 55/60 MP: 12/12
  4471 | D:6      | Found Xuetooro's General Store.
  4505 | D:6      | Bought a ring of see invisible for 150 gold pieces
  5389 | D:6      | Found Link's General Store.
  5397 | D:6      | Bought a scroll of enchant weapon for 97 gold pieces
  5474 | D:6      | Found a shimmering altar of Xom.
  5641 | D:6      | Found a staircase to the Ecumenical Temple.
  5648 | D:6      | Reached XP level 9. HP: 32/66 MP: 14/14
  5654 | Temple   | Entered the Ecumenical Temple
  5663 | Temple   | Became a worshipper of the Wu Jian Council
  5951 | D:6      | Reached skill level 5 in Fighting
  5994 | D:6      | Found Waadduc's General Store.
  6007 | D:6      | Bought a scroll of identify for 22 gold pieces
  6601 | D:7      | Reached skill level 8 in Unarmed Combat
  6713 | D:7      | Reached * piety under Wu Jian
  6750 | D:7      | Reached skill level 5 in Invocations
  7244 | D:9      | Found a staircase to the Orcish Mines.
  7511 | D:8      | Reached skill level 5 in Short Blades
  7511 | D:8      | Reached skill level 5 in Long Blades
  7511 | D:8      | Reached skill level 5 in Axes
  7511 | D:8      | Reached skill level 5 in Maces & Flails
  7511 | D:8      | Reached skill level 5 in Polearms
  7511 | D:8      | Reached skill level 5 in Staves
  7511 | D:8      | Reached skill level 5 in Ranged Weapons
  7511 | D:8      | Reached skill level 5 in Throwing
  7511 | D:8      | Reached skill level 5 in Armour
  7511 | D:8      | Reached skill level 5 in Stealth
  7511 | D:8      | Reached skill level 5 in Shields
  7511 | D:8      | Reached skill level 5 in Spellcasting
  7511 | D:8      | Reached skill level 5 in Evocations
  7511 | D:8      | Reached XP level 10. HP: 40/76 MP: 17/17
  7739 | D:8      | Learned a level 3 spell: Call Canine Familiar
  7743 | D:8      | Learned a level 3 spell: Summon Guardian Golem
  7826 | D:8      | Found a shimmering blue altar of Sif Muna.
  7894 | D:9      | Found a hazy altar of Hepliaklqana.
  8570 | D:10     | Entered Level 10 of the Dungeon
  8786 | D:9      | Reached ** piety under Wu Jian
  9824 | D:9      | Reached skill level 9 in Unarmed Combat
 10172 | D:9      | Found a stormy altar of Qazlal.
 10313 | D:9      | Reached skill level 5 in Conjurations
 10313 | D:9      | Reached skill level 5 in Hexes
 10313 | D:9      | Reached skill level 5 in Summonings
 10313 | D:9      | Reached skill level 5 in Necromancy
 10313 | D:9      | Reached skill level 5 in Translocations
 10313 | D:9      | Reached skill level 5 in Fire Magic
 10313 | D:9      | Reached skill level 5 in Ice Magic
 10313 | D:9      | Reached skill level 5 in Air Magic
 10313 | D:9      | Reached skill level 5 in Earth Magic
 10313 | D:9      | Reached skill level 5 in Alchemy
 10313 | D:9      | Reached XP level 11. HP: 80/83 MP: 17/20
 10438 | D:9      | Found a broken altar of Ashenzari.
 10440 | D:9      | Found a snail-covered altar of Cheibriados.
 10717 | D:11     | Found a staircase to the Lair.
 10765 | D:11     | Noticed a four-headed hydra
 10765 | D:11     | Noticed a catoblepas
 10766 | D:11     | Noticed a tengu warrior
 11046 | D:10     | Killed a catoblepas
 11198 | D:10     | Found a white marble altar of Elyvilon.
 11359 | D:10     | Learned a level 3 spell: Inner Flame
 11390 | D:10     | Reached *** piety under Wu Jian
 11650 | D:11     | Shot with a bolt by a tengu warrior

Illustrated notes

Levels and vault maps discovered:
D:1:      lemuel_arrival_lava_pool, layout_loops_ring,
          chequers_ecumenical_altar_simple, kennysheep_doodads, st_stairs_8,
          minmay_pentomino_r4
D:2:      kennysheep_the_goblin_king, layout_loops_cross,
          uniq_crazy_yiuf_cottage
D:3:      layout_rooms
D:4:      layout_loops_ring, nicolae_dithmenos_shadow_blocks
D:5:      layout_loops_corners
D:6:      layout_basic, tgw_xom, minmay_temple_entry_proselytizer,
          enter_ossuary_1, serial_shops, nicolae_lakefront_shop, shop,
          nicolae_square_shop
D:7:      layout_rooms
D:8:      layout_basic, mainiacjoe_overflow_tiny_flanked, grunt_ministairs_10,
          nicolae_the_louvre
D:9:      layout_basic, general_overflow_altar, kennysheep_mini_moat,
          chequers_temple_overflow_statue_of_worship, orc_0_dummy, uniq_joseph
D:10:     layout_small_grid, elyvilon_altar_3
D:11:     minmay_the_grid_4x2 [minmay_the_grid_garden,
          minmay_the_grid_zigzag_pyramid, minmay_the_grid_spin_star,
          minmay_the_grid_mess, minmay_the_grid_armoury, minmay_the_grid_paths,
          minmay_the_grid_pillar_ring, minmay_the_grid_prize_four_corners],
          layout_basic, lair_entry_dummy, ebering_ghost_inner_flame
Temple:   nicolae_temple_bog_church

Skill      XL: |  1  2  3  4  5  6  7  8  9 10 11 |
---------------+----------------------------------+-----
Invocations    | 1 2 3 4 5 6 7 |  7.1
Short Blades   | 1 2 3 5 6 |  6.5
Long Blades    | 1 2 3 5 6 |  6.5
Axes           | 1 2 3 5 6 |  6.5
Maces & Flails | 1 2 3 5 6 |  6.5
Polearms       | 1 2 3 5 6 |  6.5
Staves         | 1 2 3 5 6 |  6.5
Ranged Weapons | 1 2 3 5 6 |  6.5
Throwing       | 1 2 3 5 6 |  6.5
Armour         | 1 2 3 5 6 |  6.5
Stealth        | 1 2 3 5 6 |  6.5
Shields        | 1 2 3 5 6 |  6.5
Spellcasting   | 1 2 3 5 6 |  6.5
Evocations     | 1 2 3 5 6 |  6.5
Conjurations   | 1 2 3 4 5 |  5.3
Hexes          | 1 2 3 4 5 |  5.3
Summonings     | 1 2 3 4 5 |  5.3
Necromancy     | 1 2 3 4 5 |  5.3
Translocations | 1 2 3 4 5 |  5.3
Fire Magic     | 1 2 3 4 5 |  5.3
Ice Magic      | 1 2 3 4 5 |  5.3
Air Magic      | 1 2 3 4 5 |  5.3
Earth Magic    | 1 2 3 4 5 |  5.3
Alchemy        | 1 2 3 4 5 |  5.3
Fighting       | 3 4 5 6 7 |  7.0
Dodging        | 5 6 7 8 |  8.0
Unarmed Combat | 7 8 9 |  9.3
Shapeshifting  | 7 8 |  8.9

Action                     |  1- 3 |  4- 6 |  7- 9 | 10-12 || total
---------------------------+-------+-------+-------+-------++-------
  Melee: Unarmed           |    69 |    36 |       |       ||   105
         Bite              |     3 |    13 |    23 |    21 ||    60
         Punch             |     1 |     1 |       |       ||     2
         Quarterstaff      |       |    69 |   254 |   176 ||   499
  Throw: Javelin           |       |       |     4 |       ||     4
         Dart              |       |       |       |     3 ||     3
   Cast: Summon Guardian G |       |       |       |    16 ||    16
         Call Canine Famil |       |       |       |    11 ||    11
         Inner Flame       |       |       |       |     2 ||     2
Ability: Lunge             |       |       |    17 |    25 ||    42
         Whirlwind         |       |       |     3 |     6 ||     9
  Evoke: Wand              |       |       |       |     3 ||     3
    Use: Scroll            |       |     8 |     9 |     1 ||    18
         Potion            |       |     1 |     4 |     4 ||     9
   Stab: Distracted        |       |       |     3 |     3 ||     6
         Sleeping          |       |       |     2 |     4 ||     6
 Armour: Animal skin       |     3 |       |       |       ||     3
         Scale mail        |    31 |    23 |       |       ||    54
         Chain mail        |       |    74 |   114 |       ||   188
         Steam dragon scal |       |       |    60 |   117 ||   177
  Dodge: Dodged            |    33 |    64 |   141 |   166 ||   404

Table legend: (Time is in decaauts)
 A = Elapsed time spent in this place.
 B = Non-inter-level travel time spent in this place.
 C = Inter-level travel time spent in this place.
 D = Time resting spent in this place.
 E = Time spent auto-exploring this place.
 F = Levels seen in this place.
 G = Mean time per level.
                   A        B        C        D        E       F      G
               +--------+--------+--------+--------+--------+-----+--------+
         Total |  11727 |  11435 |    292 |   1848 |   5314 |  13 |  902.1 |
       Dungeon |  11355 |  11063 |    292 |   1836 |   5308 |  11 | 1032.3 |
        Temple |     19 |     19 |      0 |      0 |      0 |   1 |   19.0 |
       Ossuary |    353 |    353 |      0 |     12 |      6 |   1 |  353.0 |
               +--------+--------+--------+--------+--------+-----+--------+

Top non-repeatable levels by time:
     D:9: 2258 daAuts
     D:6: 1479 daAuts
     D:2: 1292 daAuts
     D:8: 1139 daAuts
     D:4: 1041 daAuts
     D:5: 910 daAuts
     D:3: 847 daAuts
    D:10: 814 daAuts
     D:7: 757 daAuts
     D:1: 740 daAuts
 Ossuary: 353 daAuts
    D:11: 72 daAuts
  Temple: 19 daAuts
